 Dungeon Crawl Stone Soup version 0.24.0-123-gd5b16e6ec5 (webtiles) character file.

Game seed: 6041316398133213378, levelgen mode: deterministic

55000 markt42 the Bludgeoner (level 14, -3/141 HPs)
             Began as a Gargoyle Fighter on Jan 5, 2020.
             Was the Champion of Okawaru.
             Slain by a sun demon (7 damage)
             ... summoned by an orc high priest
             ... on level 1 of the Orcish Mines.
             The game lasted 00:30:40 (22020 turns).

markt42 the Bludgeoner (Gargoyle Fighter)          Turns: 22020, Time: 00:30:41

Health: -3/141     AC: 33    Str: 21    XL:     14   Next: 75%
Magic:  0/14       EV:  2    Int:  9    God:    Okawaru [******]
Gold:   2212       SH:  0    Dex: 19    Spells: 13/13 levels left

rFire    . . .     SeeInvis .   M - +10 halberd of Noon {flame, -Tele *Corrode rPois Dex+6}
rCold    . . .     Gourm    .   (shield currently unavailable)
rNeg     + + +     Faith    .   (armour currently unavailable)
rPois    ∞         Spirit   +   (helmet currently unavailable)
rElec    .         Reflect  .   (cloak currently unavailable)
rCorr    +         Harm     .   (gloves currently unavailable)
MR       +....     NoTele   +   (boots currently unavailable)
Stlth    ++........             C - amulet of guardian spirit
HPRegen  0.33/turn              p - +6 ring of protection
MPRegen  0.14/turn              y - ring of resist corrosion

@: tree-form, lightly drained
A: negative energy resistance 1, robust 1, petrification resistance, rot
immunity, AC +10
a: Heroism, Finesse, Renounce Religion


You were on level 1 of the Orcish Mines.
You worshipped Okawaru.
Okawaru was exalted by your worship.
You were not hungry.
You were a tree.
You visited 4 branches of the dungeon, and saw 19 of its levels.

You collected 2212 gold pieces.

Inventory:

Hand Weapons
 J - the +8 morningstar "Jelal" {freeze, rF+ Dex-5 Stlth+}
   (Okawaru gifted it to you on level 5 of the Lair of Beasts)

   It has been specially enchanted to freeze those struck by it, causing extra
   injury to most foes and up to half again as much damage against particularly
   susceptible opponents.
   It can also slow down cold-blooded creatures.
   It affects your dexterity (-5).
   It protects you from fire.
   It makes you more stealthy.
 M - the +10 halberd of Noon (weapon) {flame, -Tele *Corrode rPois Dex+6}
   (You found it on level 3 of the Lair of Beasts)

   It has been specially enchanted to burn those struck by it, causing extra
   injury to most foes and up to half again as much damage against particularly
   susceptible opponents.
   Big, fiery blades are also staple armaments of hydra-hunters.
   It affects your dexterity (+6).
   It protects you from poison.
   It prevents most forms of teleportation.
   It may corrode you when you take damage.
Armour
 a - a +4 plate armour (melded)
 c - a +1 shield
 t - a +0 pair of boots (melded)
 A - a +0 cloak (melded)
 E - a +2 helmet of intelligence (melded)
 L - a +2 pair of gloves (melded)
Jewellery
 d - an uncursed amulet of faith
 e - an uncursed amulet of harm
 p - a +6 ring of protection (left branch)
 r - an uncursed ring of protection from magic
 y - a ring of resist corrosion (right branch)
 C - an amulet of guardian spirit (around neck)
 P - an uncursed ring of protection from cold
 Q - an uncursed ring of flight {unknown}
Wands
 l - a wand of paralysis (18)
 o - a wand of disintegration (25)
 w - a wand of enslavement (12)
 x - a wand of acid (19)
 D - a wand of iceblast (7)
 G - a wand of clouds (8)
Scrolls
 g - 9 scrolls of identify
 i - 13 scrolls of remove curse
 k - 8 scrolls of teleportation
 s - 2 scrolls of fog
 u - 3 scrolls of magic mapping
 v - 3 scrolls of amnesia
 H - a scroll of blinking
 I - a scroll of fear
 K - 2 scrolls of enchant weapon
Potions
 b - 2 potions of lignification
 j - a potion of curing
 m - a potion of haste
 F - 2 potions of flight
 N - 2 potions of resistance
 R - a potion of cancellation
 S - a potion of brilliance
Comestibles
 f - 32 rations


   Skills:
 + Level 9.5(9.4) Fighting
 * Level 15.0(14.8) Maces & Flails
 + Level 9.2(9.0) Polearms
 * Level 13.1(12.9) Armour
 + Level 3.5(3.4) Dodging
 + Level 2.7(2.5) Stealth
 + Level 10.7(10.6) Shields
 + Level 0.2(0.1) Invocations
 + Level 0.5(0.4) Evocations


You had 13 spell levels left.
You didn't know any spells.
Your spell library contained the following spells:

 Spells                   Type           Power        Failure   Level  Hunger
 Apportation              Tloc           #.....       38%         1    ##.....
 Confusing Touch          Hex            #.....       38%         1    ##.....
 Magic Dart               Conj           #...         38%         1    ##.....
 Summon Butterflies       Summ           #.......     38%         1    ##.....
 Summon Small Mammal      Summ           #...         38%         1    ##.....
 Call Imp                 Summ           #.......     52%         2    ###....
 Passwall                 Tmut/Erth      #.......     52%         2    ###....
 Searing Ray              Conj           #.....       52%         2    ###....
 Throw Flame              Conj/Fire      #.....       52%         2    ###....
 Call Canine Familiar     Summ           #.......     77%         3    ####...
 Confuse                  Hex            #.......     77%         3    ####...
 Dazzling Spray           Conj/Hex       #.....       77%         3    ####...
 Gell's Gravitas          Tloc           #.........   77%         3    ####...
 Lesser Beckoning         Tloc           #.........   77%         3    ####...
 Summon Guardian Golem    Hex/Summ       #.......     77%         3    ####...
 Tukima's Dance           Hex            #.......     77%         3    ####...
 Force Lance              Conj/Tloc      #.......     99%         4    #####..
 Fulminant Prism          Conj/Hex       #.........   99%         4    #####..
 Iskenderun's Mystic Bla  Conj           #.......     99%         4    #####..
 Petrify                  Tmut/Erth      #.......     99%         4    #####..
 Summon Ice Beast         Ice/Summ       #.......     99%         4    #####..
 Summon Lightning Spire   Summ/Air       #.......     99%         4    #####..
 Alistair's Intoxication  Tmut/Pois      #.......     100%        5    ######.
 Lee's Rapid Deconstruct  Erth           #.........   100%        5    ######.
 Metabolic Englaciation   Hex/Ice        #.........   100%        5    ######.
 Yara's Violent Unravell  Hex/Tmut       #.........   100%        5    ######.
 Invisibility             Hex            #.......     100%        6    #######
 Ring of Flames           Chrm/Fire      #.........   100%        7    #######


Dungeon Overview and Level Annotations

Branches:
Dungeon (10/15)            Temple (1/1) D:5            Lair (6/6) D:10
  Swamp (0/4) Lair:2       Spider (0/4) Lair:4        Slime (0/5) Lair:5
    Orc (2/2) D:9
    Elf: Orc:2

Altars:
Ashenzari
Cheibriados
Dithmenos
Elyvilon
Fedhas
Gozag
Hepliaklqana
Kikubaaqudgha
Makhleb
Nemelex Xobeh
Okawaru
Qazlal
Ru
Sif Muna
Trog
Uskayaw
Vehumet
Wu Jian
Xom
Yredelemnul
Zin
The Shining One
Beogh

Annotations:
Lair:2 1 runed translucent door, EtherCrawl's ghost, journeyman SpBe


Innate Abilities, Weirdness & Mutations

You are resistant to torment.
((Your stone body is resilient. (AC +10)))
You are immune to poison.
((Your large and strong wings let you fly indefinitely.))
You resist negative energy. (rN+)
((You are resistant to electric shocks. (rElec)))
((You can survive without breathing.))
You are immune to petrification.
You are immune to rotting.
((You have sharp toenails.))
You are robust. (+10% HP)


Message History

The orc hits you but does no damage.
The orc high priest hits you but does no damage.
The orc hits you but does no damage. x2; The orange demon stings you from afar.
* * * LOW HITPOINT WARNING * * *
The red devil hits you but does no damage.
You closely miss the orc. The sun demon hits you.
* * * LOW HITPOINT WARNING * * *
You are engulfed in flames!
* * * LOW HITPOINT WARNING * * *
The orc hits you but does no damage. The orc hits you with a +0 flail.
* * * LOW HITPOINT WARNING * * *
The orc hits you but does no damage.
The orange demon stings you but does no damage.
The orc high priest hits you but does no damage.
The red devil hits you from afar with a +0 trident.
* * * LOW HITPOINT WARNING * * *
You puncture the orc! You burn the orc.
You kill the orc!
The sun demon hits you!
You die...

####..............
##.#...........#.#.
#...#..............
##..#.#.#..........
##.......#.........
##.#................
#...44...........#..
#[).o..#............
#.)♣3.....#......#..
##o.o....##.........
#)[......#...#......
#...............#...
#........#..##..#...
#...................
#....#...#..##....##
#........#...#...##
#...........##..##


You could see an orc high priest, a sun demon, an orange demon, a red devil and
2 orcs.

Vanquished Creatures
  An orc warlord (Orc:1)
  The ghost of Foabaekk the Unseen, a journeyman GrMo of Gozag (Lair:3)
  2 fire dragons (Lair:6)
  Erica (D:10)
  A hydra (Lair:6)
  A catoblepas (Lair:4)
  3 death yaks (Lair:4)
  Nergalle (Orc:1)
  Urug (Lair:2)
  An unseen horror (D:10)
  2 lindwurms (Lair:6)
  A swamp dragon (Lair:6)
  2 orc knights
  3 orc sorcerers
  2 cyclopes (Orc:2)
  A moth of wrath (Lair:3)
  Maurice (Orc:1)
  An elephant (D:10)
  A black mamba (Lair:4)
  6 torpor snails
  11 spiny frogs
  10 komodo dragons
  3 rime drakes
  9 hornets
  3 trolls
  6 tyrant leeches
  A jumping spider (Lair:4)
  A polar bear (Lair:6)
  22 blink frogs
  10 dream sheep
  9 hippogriffs
  2 redbacks (Lair:4)
  32 yaks
  4 spriggans (Lair:3)
  A wyvern (D:8)
  4 hogs (D:7)
  2 basilisks
  A human (D:7)
  A hungry ghost (D:10)
  3 steam dragons
  2 wargs (Orc:1)
  2 swamp worms (Lair:2)
  2 acid dragons (Lair:6)
  31 water moccasins
  A porcupine (Lair:2)
  Purgy (D:4)
  2 swamp drakes (Lair:6)
  24 orc warriors
  An ice beast (D:8)
  9 necrophages
  9 wolves
  8 ogres
  2 centaurs
  2 big kobolds
  15 crocodiles
  4 bullfrogs
  3 scorpions
  3 killer bees (D:8)
  3 howler monkeys
  5 electric eels
  6 crimson imps
  A centaur zombie (D:5)
  A bullfrog zombie (D:5)
  7 hounds
  17 orc priests
  A gnoll shaman (D:7)
  2 centaur skeletons
  19 orc wizards
  Terence (D:3)
  3 iguanas
  5 worker ants
  2 hound skeletons
  A howler monkey zombie (D:5)
  6 gnolls
  25 adders
  3 shadow imps
  An ooze (D:1)
  A worm (D:2)
  6 dart slugs
  4 leopard geckos
  64 orcs
  8 giant cockroaches
  5 goblins
  10 hobgoblins
  7 jackals
  3 quokkas
  2 ball pythons
  6 bats
  4 frilled lizards
  20 kobolds
  A leopard gecko zombie (D:7)
  15 rats
  A plant (Lair:6)
555 creatures vanquished.

Vanquished Creatures (others)
  A basilisk (Lair:6)
  An orc wizard (Orc:1)
  5 fungi (Lair:6)
  4 plants
11 creatures vanquished.

Grand Total: 566 creatures vanquished

Notes
Turn   | Place    | Note
-------+----------+-------------------------------------------
     0 | D:1      | markt42 the Gargoyle Fighter began the quest for the Orb.
     0 | D:1      | Reached XP level 1. HP: 14/14 MP: 1/1
    37 | D:1      | Reached XP level 2. HP: 15/19 MP: 2/2
   337 | D:1      | Reached XP level 3. HP: 20/23 MP: 3/3
   889 | D:2      | Reached XP level 4. HP: 19/28 MP: 4/4
   962 | D:2      | Reached skill level 3 in Maces & Flails
  1085 | D:2      | Noticed a moth of wrath
  1088 | D:2      | Found a bloodstained altar of Trog.
  1627 | D:3      | Noticed Terence
  1632 | D:3      | Killed Terence
  1632 | D:3      | Reached XP level 5. HP: 33/33 MP: 5/5
  2340 | D:4      | Noticed Purgy
  2347 | D:4      | Killed Purgy
  2347 | D:4      | Reached skill level 4 in Maces & Flails
  2347 | D:4      | Reached XP level 6. HP: 38/38 MP: 6/6
  2641 | D:4      | Reached skill level 5 in Shields
  2655 | D:4      | Reached skill level 5 in Maces & Flails
  2655 | D:4      | Reached skill level 1 in Dodging
  2655 | D:4      | Reached XP level 7. HP: 29/42 MP: 7/7
  3008 | D:5      | Entered Level 5 of the Dungeon
  3478 | D:5      | Reached skill level 6 in Maces & Flails
  3542 | D:5      | Reached XP level 8. HP: 46/48 MP: 8/8
  3793 | D:5      | Reached skill level 7 in Maces & Flails
  3800 | D:5      | Found a staircase to the Ecumenical Temple.
  4146 | Temple   | Entered the Ecumenical Temple
  4232 | Temple   | Became a worshipper of Warmaster Okawaru
  4345 | D:6      | Reached skill level 5 in Armour
  5163 | D:6      | You fall into a shaft and drop 1 floor!
  5163 | D:7      | Noticed a hippogriff
  5169 | D:7      | Killed a hippogriff
  5612 | D:7      | You fall into a shaft and drop 1 floor!
  5619 | D:8      | Reached * piety under Okawaru
  5640 | D:8      | Gained mutation: You have sharp toenails. [potion of
                  | mutation]
  5640 | D:8      | Gained mutation: You are dopey. (Int -2) [potion of
                  | mutation]
  5640 | D:8      | Gained mutation: You passively map a small area around you.
                  | [potion of mutation]
  5640 | D:8      | Gained mutation: Your muscles are strong. (Str +2) [potion
                  | of mutation]
  5645 | D:8      | Reached skill level 8 in Maces & Flails
  5661 | D:8      | Reached XP level 9. HP: 43/53 MP: 9/9
  5856 | D:8      | Reached ** piety under Okawaru
  6135 | D:8      | Identified the Disquisition on Flamy Clay
  6336 | D:7      | Reached skill level 5 in Fighting
  6336 | D:7      | Reached skill level 9 in Maces & Flails
  6559 | D:7      | Noticed a hornet
  6571 | D:7      | Killed a hornet
  6571 | D:7      | Reached *** piety under Okawaru
  6571 | D:7      | Reached skill level 10 in Maces & Flails
  6809 | D:8      | Reached XP level 10. HP: 58/59 MP: 10/10
  6943 | D:8      | Found a shimmering altar of Xom.
  7472 | D:8      | You fall into a shaft and drop 1 floor!
  7562 | D:9      | Found a staircase to the Orcish Mines.
  8140 | D:9      | Found a stormy altar of Qazlal.
  8752 | D:10     | Entered Level 10 of the Dungeon
  9007 | D:9      | Identified 2 scrolls of acquirement
  9209 | D:10     | Noticed an elephant
  9210 | D:10     | Found a staircase to the Lair.
  9235 | D:10     | Killed an elephant
  9245 | D:10     | Received a gift from Okawaru
  9379 | D:10     | Noticed Erica
  9393 | D:10     | Killed Erica
  9393 | D:10     | Reached skill level 11 in Maces & Flails
  9691 | D:10     | Killed an unseen horror
  9691 | D:10     | Reached **** piety under Okawaru
 10066 | D:10     | Reached XP level 11. HP: 64/64 MP: 11/11
 10211 | Lair:1   | Entered Level 1 of the Lair of Beasts
 11072 | Lair:2   | Found a staircase to the Swamp.
 11149 | Lair:2   | Reached skill level 12 in Maces & Flails
 11637 | Lair:2   | Found a runed translucent door.
 11885 | Lair:2   | Reached ***** piety under Okawaru
 11987 | Lair:2   | Noticed Urug
 12017 | Lair:2   | Killed Urug
 12017 | Lair:2   | Received a gift from Okawaru
 12017 | Lair:2   | Reached skill level 13 in Maces & Flails
 12017 | Lair:2   | Reached skill level 10 in Armour
 12029 | Lair:2   | Reached XP level 12. HP: 40/72 MP: 8/12
 12185 | Lair:2   | Noticed EtherCrawl's ghost (journeyman SpBe)
 12722 | Lair:3   | Found a transporter.
 12761 | Lair:3   | Reached skill level 1 in Stealth
 12768 | Lair:3   | Reached skill level 10 in Shields
 12792 | Lair:3   | Found a transporter.
 12792 | Lair:3   | Found a bloodstained altar of Trog.
 12792 | Lair:3   | Identified the cursed +1 trident of Ubomajoj {freeze, rN+
                  | Dex+3}
 12792 | Lair:3   | Noticed a spriggan rider
 12792 | Lair:3   | Noticed Foabaekk's ghost (journeyman GrMo)
 13451 | Lair:3   | Killed Foabaekk's ghost
 13457 | Lair:3   | Received a gift from Okawaru
 13513 | Lair:3   | Reached skill level 14 in Maces & Flails
 13826 | Lair:3   | Identified the +10 halberd of Noon {flame, -Tele *Corrode
                  | rPois Dex+6} (You found it on level 3 of the Lair of
                  | Beasts)
 13972 | Lair:4   | Noticed a death yak
 13973 | Lair:4   | Noticed a death yak
 13978 | Lair:4   | Noticed a death yak
 13980 | Lair:4   | Killed a death yak
 13990 | Lair:4   | Killed a death yak
 13996 | Lair:4   | Killed a death yak
 13996 | Lair:4   | Reached skill level 1 in Polearms
 14047 | Lair:4   | Reached XP level 13. HP: 77/78 MP: 13/13
 14339 | Lair:4   | Received a gift from Okawaru
 14394 | Lair:4   | Reached ****** piety under Okawaru
 15013 | Lair:4   | Found a hole to the Spider Nest.
 15565 | Lair:5   | Reached skill level 5 in Polearms
 15593 | Lair:5   | Received a gift from Okawaru
 15608 | Lair:5   | Identified the +8 morningstar "Jelal" {freeze, rF+ Dex-5
                  | Stlth+} (Okawaru gifted it to you on level 5 of the Lair of
                  | Beasts)
 15627 | Lair:5   | Found a staircase to the Slime Pits.
 15997 | Lair:6   | Entered Level 6 of the Lair of Beasts
 16420 | Lair:6   | Received a gift from Okawaru
 16720 | Lair:6   | Gained mutation: Your large and strong wings let you fly
                  | indefinitely. [Gargoyle growth]
 16720 | Lair:6   | Reached XP level 14. HP: 84/84 MP: 14/14
 17037 | Lair:6   | Lost mutation: You passively map a small area around you.
                  | [potion of mutation]
 17037 | Lair:6   | Lost mutation: You are dopey. (Int -2) [potion of mutation]
 17037 | Lair:6   | Lost mutation: Your muscles are strong. (Str +2) [potion of
                  | mutation]
 17037 | Lair:6   | Gained mutation: You are robust. (+10% HP) [potion of
                  | mutation]
 17250 | Lair:6   | Found a runed translucent door.
 18985 | Orc:1    | Entered Level 1 of the Orcish Mines
 19533 | Orc:1    | Found a roughly hewn altar of Beogh.
 19681 | Orc:2    | Entered Level 2 of the Orcish Mines
 20070 | Orc:2    | Found a roughly hewn altar of Beogh.
 20655 | Orc:2    | Noticed Maurice
 20725 | Orc:1    | Received a gift from Okawaru
 20751 | Orc:1    | Got an encrusted fustibalus {god gift}
 20792 | Orc:1    | Noticed Nergalle
 20807 | Orc:1    | Killed Nergalle
 21038 | Orc:2    | Found a roughly hewn altar of Beogh.
 21047 | Orc:2    | Noticed an orc warlord
 21076 | Orc:1    | Killed an orc warlord
 21076 | Orc:1    | Reached skill level 15 in Maces & Flails
 21089 | Orc:1    | Killed Maurice
 22012 | Orc:1    | HP: 3/94 [sun demon[an orc high priest] (15)]
 22012 | Orc:1    | HP: 1/94 [orange demon[an orc high priest] (2)]
 22019 | Orc:1    | HP: 4/141 [red devil/+0 trident[an orc high priest] (6)]
 22020 | Orc:1    | Slain by a sun demon

Levels and vault maps discovered:
D:1:      shiori_arrival_maze, layout_rooms, interstate_on_off
D:2:      minmay_chambers_of_twos, layout_rooms, tgw_trog, first_ration
D:3:      layout_loops_corners, small_statue_intersection, uniq_terence
D:4:      layout_basic, uniq_purgy
D:5:      layout_basic, minmay_temple_entry_gardened_gates,
          kennysheep_generic_room_13
D:6:      layout_rooms
D:7:      layout_loops_ring, grunt_livestock
D:8:      layout_layer_cave, xom_teletrap_fun
D:9:      layout_irregular_city, orc_david_3, serial_bayou, serial_bayou_lake_a,
          serial_bayou_pond_c, serial_bayou_pond_a, serial_bayou_pond_b,
          serial_bayou_ford_a, serial_bayou_pond_d, grunt_qazlal_sundering
D:10:     layout_irregular_city, david_lair_generic, uniq_erica
Temple:   grunt_wide_crystal_templ
Lair:1:   layout_chaotic_city
Lair:2:   lemuel_reptile_caves, layout_loops_ring, minmay_swamp_entry_worms,
          ebering_ghost_reflecting_pool, uniq_urug
Lair:3:   layout_cave_shapes, gammafunk_ghost_wrathful_warriors
Lair:4:   layout_cave_pods, spider_nest_entry_funnel_web, roderic_carrion_pond
Lair:5:   layout_cave_shapes, slime_dummy, lemuel_fruit_fields
Lair:6:   wormcave, layout_layer_cave, guppyfry_lair_end_dragon
Orc:1:    layout_caves, basic_altar, uniq_nergalle
Orc:2:    grunt_orc_community_town_hall, layout_caves,
          grunt_orc_community_big_house_2, grunt_orc_community_big_house_1,
          grunt_orc_community_house_3, grunt_orc_community_house_3,
          grunt_orc_community_house_3, grunt_orc_community_house_2,
          grunt_orc_community_house_1, grunt_orc_community_house_1, uniq_maurice

Skill      XL: |  1  2  3  4  5  6  7  8  9 10 11 12 13 14 |
---------------+-------------------------------------------+-----
Maces & Flails | 3 4 5 6 8 10 11 13 14 15 | 15.0
Armour         | 4 6 7 9 10 11 12 13 | 13.1
Shields        | 4 5 7 8 9 10 | 10.7
Dodging        | 1 2 3 |  3.5
Fighting       | 4 5 6 7 8 9 |  9.5
Stealth        | 1 2 |  2.7
Polearms       | 1 6 9 |  9.2
Invocations    | |  0.2
Evocations     | |  0.5

Action                   |  1- 3 |  4- 6 |  7- 9 | 10-12 | 13-15 || total
-------------------------+-------+-------+-------+-------+-------++-------
Melee: Flail             |   138 |   186 |   450 |   910 |       ||  1684
       Kick              |       |       |    48 |   180 |       ||   228
       Halberd           |       |       |       |    32 |   881 ||   913
Invok: Finesse           |       |       |       |       |     1 ||     1
 Abil: Fly               |       |       |       |       |     1 ||     1
Evoke: Wand              |       |       |       |     4 |       ||     4
  Use: Scroll            |     4 |     1 |       |    22 |     7 ||    34
       Potion            |       |     2 |     9 |    10 |    16 ||    37
 Stab: Petrified         |       |       |       |       |     9 ||     9
       Petrifying        |       |       |       |       |     1 ||     1
  Eat: Chunk             |       |     6 |    10 |    15 |    15 ||    46
       Ration            |       |       |     1 |     3 |     4 ||     8
Armor: Scale mail        |    76 |   108 |   160 |       |       ||   344
       Plate armour      |       |       |   130 |   626 |  1305 ||  2061
       Skin              |       |       |       |       |    24 ||    24
Dodge: Dodged            |    45 |    54 |   114 |   230 |   670 ||  1113
Block: Shield            |   103 |   100 |   265 |   521 |       ||   989
